 Dungeon Crawl Stone Soup version 0.18.1-6-gd335043 (webtiles) character file.

241546 Vasya666 the Black Belt (level 19, 174/265 HPs)
             Began as a Yellow Draconian Transmuter on May 17, 2016.
             Was the Champion of the Shining One.
             Drowned
             ... on level 1 of the Swamp.
             The game lasted 02:53:10 (52738 turns).

Vasya666 the Black Belt (DrTm)                     Turns: 52738, Time: 02:53:11

Health: 174/265    AC: 21    Str: 15    XL:     19   Next: 7%
Magic:  36/36      EV: 24    Int: 23    God:    the Shining One [******]
Gold:   540        SH:  4    Dex: 18    Spells: 7 memorised, 18 levels left

rFire  + . .     SeeInvis .       - Unarmed
rCold  + + .     Gourm    .     (armour unavailable)
rNeg   + + +     Faith    .     (no shield)
rPois  +         Spirit   .     R - +2 hat
rElec  .         Dismiss  .     D - +2 cloak {rC+}
rCorr  +         Reflect  +     j - +2 pair of gloves {Dex+3}
SustAt .         Harm     .     M - +2 pair of boots
MR     +....                    G - amulet of Altruism {Reflect rC+ Str+2 Int-2 Dex+2 SH+4}
Stlth  +.........               F - +5 ring of intelligence
                                N - ring "Raini" {rPois rF+ Slay+3}

@: glowing, somewhat resistant to hostile enchantments, very unstealthy
A: spit acid, acid resistance, unfitting armour, acidic bite, cold-blooded, AC
+10
a: Spit Acid, Divine Shield, Cleansing Flame, Summon Divine Warrior, Brand
Weapon With Holy Wrath, Renounce Religion
}: 1/15 runes: serpentine


You were on level 1 of the Swamp.
You worshipped the Shining One.
The Shining One was exalted by your worship.
You were not hungry.

You visited 6 branches of the dungeon, and saw 31 of its levels.
You visited 1 bazaar.
You also visited: Labyrinth and Ice Cave.

You collected 3524 gold pieces.
You spent 2984 gold pieces at shops.

Inventory:

Missiles
 a - 817 arrows
Armour
 j - a +2 pair of gloves of dexterity (worn)
 D - a +2 cloak of cold resistance (worn)
 M - a +2 pair of boots (worn)
 R - a +2 hat (worn)
Jewellery
 F - a +5 ring of intelligence (right hand)
 G - the amulet of Altruism (around neck) {Reflect rC+ Str+2 Int-2 Dex+2 SH+4}
   (You found it in a labyrinth)

   [amulet of reflection]

   It shields you and reflects attacks.
   It affects your strength (+2).
   It affects your intelligence (-2).
   It affects your dexterity (+2).
   It protects you from cold.
   It affects your SH (+4).
 N - the ring "Raini" (left hand) {rPois rF+ Slay+3}
   (You found it in a labyrinth)

   [ring of poison resistance]

   It affects your accuracy and damage with ranged weapons and melee attacks
   (+3).
   It protects you from fire.
   It protects you from poison.
Wands
 b - a wand of digging (8/24)
 g - a wand of hasting (4/9)
 y - a wand of teleportation (5/9)
Scrolls
 i - 2 scrolls of blinking
 k - 13 scrolls of teleportation
 m - 14 scrolls of remove curse
 n - 2 scrolls of fear
 t - 4 scrolls of identify
 x - 6 scrolls of recharging
 H - 5 scrolls of magic mapping
Potions
 l - 5 potions of heal wounds
 r - 3 potions of berserk rage
 w - 12 potions of curing
 z - a potion of brilliance
 C - 5 potions of haste
 I - 5 potions of might
Comestibles
 c - 12 chunks of flesh
 d - 15 fruits
 q - 16 meat rations


   Skills:
 * Level 17.0 Fighting
 + Level 14.1 Dodging
 * Level 18.4 Unarmed Combat
 + Level 13.5 Spellcasting
 + Level 13.5 Transmutations


You had 18 spell levels left.
You knew the following spells:

 Your Spells              Type           Power        Failure   Level  Hunger
a - Beastly Appendage     Trmt           ######       0%          1    None
b - Sticks to Snakes      Trmt           ######..     1%          2    None
c - Hydra Form            Trmt           ######....   2%          6    #####..
d - Ice Form              Ice/Trmt       #####...     2%          4    None
e - Blade Hands           Trmt           ######....   1%          5    ###....
f - Dragon Form           Trmt           ######....   17%         7    ######.
g - Blink                 Tloc           N/A          10%         2    None


Dungeon Overview and Level Annotations

Branches:
Dungeon (15/15)            Temple (1/1) D:6            Lair (8/8) D:9
  Swamp (1/4) Lair:3        Snake (4/4) Lair:6        Slime (0/6) Lair:6
    Orc (2/2) D:9             Elf (0/3) Orc:2        Vaults (0/5) D:14
 Depths (0/5) D:15

Altars:
Ashenzari
Cheibriados
Dithmenos
Elyvilon
Fedhas
Gozag
Kikubaaqudgha
Makhleb
Nemelex Xobeh
Okawaru
Pakellas
Qazlal
Ru
Sif Muna
Trog
Vehumet
Xom
Yredelemnul
Zin
The Shining One
Jiyva

Shops:
D:5 *   D:6 *   D:7 ***   D:9 ([   D:12 ?   D:15 *   Orc:2 *!:[   Snake:1 :

Portals:
Pandemonium: Orc:2


Innate Abilities, Weirdness & Mutations

You can spit globs of acid.
You are resistant to acid.
Your golden yellow scales are hard (AC +10).
Your body does not fit into most forms of armour.
You have acidic saliva.
You are cold-blooded and may be slowed by cold attacks.


Message History

You see here a spiny frog corpse.
You see here a swamp worm corpse.
You butcher the swamp worm corpse.
c - 13 chunks of flesh (gained 3)
You see here a spiny frog corpse.
You start resting.
Eating one of 13 chunks of flesh.
This raw flesh tastes terrible.
You continue eating. x2
Careful!
Your transformation is almost over.
You start resting.
Your transformation has ended.
Your +2 cloak of cold resistance unmelds from your body.
Your +2 hat unmelds from your body.
Your +2 pair of gloves of dexterity unmelds from your body.
Your +2 pair of boots unmelds from your body.
You feel resistant to cold.
You feel agile.
You fall into the water!
You sink like a stone!
You drown...
You die...

♣.♣ ♣♣.....≈≈≈≈≈≈≈≈
≈≈. ♣♣.≈≈...§≈≈≈♣♣.
♣.♣ ♣.......≈≈♣≈≈≈≈
♣.♣♣♣≈♣≈≈≈....≈≈≈≈≈
♣♣..♣♣≈≈≈≈≈≈♣♣♣..≈≈≈
♣.§≈♣≈≈≈.≈.♣♣ ..≈≈
♣♣≈.♣≈≈≈≈≈≈.♣ ≈≈≈
♣♣.♣.≈...≈.♣ ≈.
♣.@).≈≈≈.≈≈♣♣ .
♣♣.†)†.≈..≈.♣
♣≈≈≈..§≈..♣♣
♣≈.♣.≈≈≈≈.♣
♣..♣.≈.≈≈≈≈≈.♣
♣≈≈♣≈≈..≈≈.≈.♣
♣♣≈♣♣§.♣♣♣.≈.♣ ♣♣
♣..♣ ♣.≈≈♣ ♣.♣♣
♣♣.♣♣


There were no monsters in sight!

Vanquished Creatures
  Roxanne (D:14)
  Kirke (D:13)
  16 greater nagas
  A frost giant (IceCv)
  An orc warlord (Orc:1)
  A stone giant (Orc:1)
  A salamander stormcaller (D:14)
  A minotaur (Lab)
  A vault guard (D:14)
  Snorg (D:9)
  Josephine (Lair:6)
  Fannar (D:10)
  12 hydras
  26 naga warriors
  3 catoblepae (Lair:8)
  2 death knights
  4 centaur warriors
  15 anacondas
  15 death yaks
  2 alligators (Swamp:1)
  2 tengu warriors
  A hell hog (shapeshifter) (D:15)
  3 orc high priests (Orc:2)
  2 spriggans (Swamp:1)
  The ghost of Moloch the Cleaver, a novice DsFi of Okawaru (Orc:1)
  Sonja (D:15)
  11 shock serpents
  A titan zombie (Orc:1)
  Urug (D:15)
  12 naga sharpshooters
  A soul eater (Orc:2)
  A sun demon (Orc:2)
  23 slime creatures
  5 salamander mystics
  2 skeletal warriors (D:15)
  An unseen horror (D:12)
  A deep troll (shapeshifter) (D:15)
  A spriggan druid (Swamp:1)
  The ghost of deorigin the Basher, a novice OgBe of Trog (D:6)
  A lindwurm (Lair:8)
  10 naga ritualists
  A swamp dragon (Swamp:1)
  2 wizards
  3 torturous demonspawn (Orc:2)
  Pikel (D:6)
  A deep elf mage (D:14)
  28 hill giants
  A phantasmal warrior (D:15)
  5 ugly things
  A stone giant zombie (Orc:1)
  5 orc knights (Orc:2)
  4 mana vipers
  12 cyclopes
  3 griffons
  10 orc sorcerers
  An elephant (shapeshifter) (D:15)
  23 salamanders
  11 elephants
  A cyclops (shapeshifter) (D:15)
  Psyche (D:10)
  8 guardian serpents
  38 black mambas
  3 gargoyles
  An ice statue (IceCv)
  An orange demon (Orc:2)
  17 spiny frogs
  24 naga magi
  7 komodo dragons
  A yaktaur (D:15)
  2 rime drakes
  2 tengu conjurers
  3 efreet
  A freezing wraith (D:15)
  9 trolls
  19 polar bears
  Grinder (D:4)
  Prince Ribbit (D:7)
  A raiju (shapeshifter) (D:13)
  A two-headed ogre (shapeshifter) (D:15)
  2 giant leeches (Swamp:1)
  3 two-headed ogres
  3 bog bodies (Swamp:1)
  8 blink frogs
  3 shadows
  A vampire (D:14)
  8 wraiths
  A ynoxinul (Orc:2)
  10 basilisks
  56 yaks
  Grum (D:10)
  3 wyverns
  Eustachio (D:5)
  3 hogs
  A hill giant zombie (Orc:1)
  8 hungry ghosts
  12 hippogriffs
  17 vampire mosquitoes
  A harpy simulacrum (D:15)
  A steam dragon (shapeshifter) (D:13)
  8 wargs
  2 mottled dragons
  5 swamp worms (Swamp:1)
  The ghost of stauk the Sneak, an amateur KoAs (D:3)
  87 nagas
  13 water moccasins
  Duvessa (D:7)
  3 sky beasts
  4 swamp drakes (Swamp:1)
  15 porcupines
  4 slaves (D:6)
  10 ice beasts
  4 wasps
  An eye of draining (shapeshifter) (D:15)
  2 phantoms
  9 black bears
  3 necrophages
  35 orc warriors
  4 eyes of draining
  33 wolves
  10 boggarts
  21 ogres
  9 centaurs
  18 crocodiles
  4 big kobolds
  35 giant frogs
  A cyclops zombie (Orc:1)
  2 elf skeletons (D:14)
  A wyvern zombie (D:13)
  A wyvern skeleton (D:14)
  4 scorpions
  Dowan (D:7)
  24 killer bees
  7 wights
  An electric eel (Lair:3)
  8 howler monkeys
  8 crimson imps
  A wyvern simulacrum (D:14)
  8 centaur zombies
  2 jellies
  2 giant frog zombies
  4 quasits
  29 orc priests
  A wasp zombie (D:5)
  2 centaur skeletons
  11 hounds
  21 orc wizards
  2 human zombies (D:14)
  2 human skeletons (D:14)
  15 worker ants
  7 iguanas
  12 sheep
  An ogre zombie (D:14)
  A hound zombie (D:5)
  A mummy (D:14)
  A howler monkey zombie (D:10)
  A killer bee simulacrum (D:10)
  11 gnolls
  22 adders
  A howler monkey skeleton (D:4)
  65 river rats
  3 shadow imps (D:6)
  2 oozes
  An adder zombie (D:10)
  An adder skeleton (D:5)
  3 worms
  A dart slug (D:2)
  9 giant geckos
  95 orcs
  A ball python (D:2)
  11 bats
  6 giant cockroaches
  9 goblins
  10 hobgoblins
  16 jackals
  17 kobolds
  6 quokkas
  6 giant newts
  A jackal zombie (D:5)
  2 quokka skeletons
  A quokka zombie (D:8)
  6 rats
  2 butterflies
  2 fungi
1418 creatures vanquished.

Vanquished Creatures (collateral kills)
  Gastronok (Lair:3)
  A fire dragon (Lair:6)
  A hydra (Lair:6)
  A hill giant (D:10)
  Edmund (D:5)
  A giant frog (D:8)
  2 wights (D:7)
  An adder (D:5)
  A quokka (D:9)
  A ball python (D:7)
11 creatures vanquished.

Vanquished Creatures (others)
  2 humans (D:13)
  25 fungi
  5 plants
32 creatures vanquished.

Grand Total: 1461 creatures vanquished

Notes
Turn   | Place    | Note
--------------------------------------------------------------
     0 | D:1      | Vasya666 the Draconian Transmuter began the quest for the Orb.
     0 | D:1      | Reached XP level 1. HP: 16/16 MP: 3/3
     2 | D:1      | Noticed a naga
     2 | D:1      | Noticed a draconian
     4 | D:1      | Noticed a formicid
     4 | D:1      | Noticed a centaur
     8 | D:1      | Noticed a spriggan
    10 | D:1      | Noticed an elf
    10 | D:1      | Noticed a demonspawn
    12 | D:1      | Noticed a tengu
    12 | D:1      | Noticed a troll
    14 | D:1      | Noticed an octopode
    16 | D:1      | Noticed a felid
    16 | D:1      | Noticed a demigod
    18 | D:1      | Noticed an ogre
    18 | D:1      | Noticed a vampire
    20 | D:1      | Noticed a ghoul
    20 | D:1      | Noticed a dwarf
    22 | D:1      | Noticed a gargoyle
    22 | D:1      | Noticed a human
    24 | D:1      | Noticed a minotaur
    24 | D:1      | Noticed a halfling
    26 | D:1      | Noticed a merfolk
    26 | D:1      | Noticed a vine stalker
   225 | D:1      | Reached XP level 2. HP: 21/23 MP: 5/5
   783 | D:2      | Reached XP level 3. HP: 29/29 MP: 4/6
   787 | D:2      | Learned a level 2 spell: Sticks to Snakes
   791 | D:2      | Learned a level 3 spell: Spider Form
   926 | D:2      | Found an iron altar of Okawaru.
   964 | D:2      | Found a faded altar to an unknown god.
   999 | D:2      | Found an oddly glowing altar of Pakellas.
  1038 | D:2      | Found a shattered altar of Ashenzari.
  1437 | D:3      | Reached XP level 4. HP: 27/36 MP: 1/7
  1587 | D:3      | Noticed stauk's ghost (amateur KoAs)
  1991 | D:3      | Reached XP level 5. HP: 39/41 MP: 2/9
  2052 | D:3      | Reached skill level 4 in Unarmed Combat
  2934 | D:4      | Reached XP level 6. HP: 50/50 MP: 7/10
  3452 | D:3      | Your scales start taking on a golden yellow colour.
  3452 | D:3      | Reached XP level 7. HP: 44/57 MP: 9/12
  3567 | D:4      | Noticed Grinder
  3750 | D:4      | Killed Grinder
  4103 | D:5      | Entered Level 5 of the Dungeon
  4121 | D:5      | Noticed Eustachio
  4145 | D:5      | Killed Eustachio
  4145 | D:5      | Reached skill level 5 in Unarmed Combat
  4167 | D:5      | Found Eryrr's General Store.
  4432 | D:5      | Reached XP level 8. HP: 62/67 MP: 8/14
  4565 | D:5      | Found a stormy altar of Qazlal.
  4849 | D:5      | Reached skill level 5 in Fighting
  4857 | D:5      | Noticed Edmund
  4869 | D:5      | Killed Edmund
  4869 | D:5      | Reached skill level 5 in Dodging
  5549 | D:3      | Killed stauk's ghost
  5549 | D:3      | Reached skill level 6 in Unarmed Combat
  5773 | D:6      | Found a sacrificial altar of Ru.
  6380 | D:6      | Reached XP level 9. HP: 75/75 MP: 12/16
  6953 | D:6      | Found a staircase to the Ecumenical Temple.
  6971 | D:6      | Noticed deorigin's ghost (novice OgBe)
  7126 | D:6      | Reached skill level 5 in Transmutations
  7194 | D:6      | Learned a level 4 spell: Ice Form
  7200 | D:6      | Learned a level 5 spell: Blade Hands
  7210 | D:6      | Noticed Pikel
  7278 | D:6      | Killed deorigin's ghost
  7278 | D:6      | Reached skill level 7 in Unarmed Combat
  7278 | D:6      | Reached skill level 5 in Spellcasting
  7688 | D:6      | Killed Pikel
  7858 | Temple   | Entered the Ecumenical Temple
  7979 | Temple   | Became a worshipper of the Shining One
  8081 | D:7      | Found Goyjus's Assorted Antiques.
  8090 | D:7      | Bought a scroll of identify for 40 gold pieces
  8090 | D:7      | Bought an embroidered hat for 80 gold pieces
  8120 | D:7      | Was placed under penance by the Shining One
  8152 | D:7      | Noticed Prince Ribbit
  8158 | D:7      | Killed Prince Ribbit
  8240 | D:7      | Fell from the grace of the Shining One
  8325 | D:7      | Noticed Dowan
  8351 | D:7      | Killed Dowan
  8378 | D:7      | Noticed Duvessa
  8476 | D:7      | Reached XP level 10. HP: 83/86 MP: 15/18
  8493 | D:7      | Paralysed by a wight for 5 turns
  8503 | D:7      | Paralysed by a wight for 6 turns
  8509 | D:7      | HP: 4/86 [wight/enchanted long sword (4)]
  9793 | D:8      | Got a serpentine pewter amulet
  9794 | D:8      | Identified the amulet "Ovizot" {RegenMP Str+2} (You found it on level 8 of the Dungeon)
  9974 | D:7      | Found Boemnitre's Assorted Antiques.
  9982 | D:7      | Bought a pair of boots for 112 gold pieces
  9988 | D:7      | Paralysed by a wight for 6 turns
 10132 | D:7      | Found Agidus's Assorted Antiques.
 10327 | D:7      | Killed Duvessa
 10799 | D:8      | Reached skill level 8 in Unarmed Combat
 10959 | D:8      | Found a huge runed gate.
 10960 | D:8      | Noticed a griffon
 10960 | D:8      | Found a huge runed gate.
 10960 | D:8      | Found a huge runed gate.
 10960 | D:8      | Found a huge runed gate.
 10979 | D:8      | Noticed a griffon
 11535 | D:8      | Killed a griffon
 12184 | D:8      | Killed a griffon
 12184 | D:8      | Reached XP level 11. HP: 39/94 MP: 21/21
 12641 | Temple   | Became a worshipper of the Shining One
 12993 | D:9      | Found Sumabol's Weapon Boutique.
 13000 | D:9      | Found a staircase to the Orcish Mines.
 13028 | D:9      | Reached skill level 9 in Unarmed Combat
 13050 | D:9      | Found Caipt's Armour Boutique.
 13326 | D:9      | Found a staircase to the Lair.
 13697 | D:10     | Entered Level 10 of the Dungeon
 13751 | D:10     | Reached * piety under the Shining One
 13880 | D:10     | Found a snail-covered altar of Cheibriados.
 13903 | D:10     | Noticed a hill giant
 13933 | D:10     | Killed a hill giant
 14261 | D:10     | Noticed Psyche
 14274 | D:10     | Killed Psyche
 14295 | D:10     | Noticed a hill giant
 14297 | D:10     | Killed a hill giant
 14376 | D:10     | Noticed a hill giant
 14385 | D:10     | Killed a hill giant
 14596 | D:10     | Reached ** piety under the Shining One
 14662 | D:10     | Reached skill level 10 in Unarmed Combat
 14729 | D:10     | Noticed Fannar
 14731 | D:10     | Noticed Grum
 14731 | D:10     | Noticed a hill giant
 14759 | D:10     | Killed Fannar
 14762 | D:10     | Killed a hill giant
 14766 | D:10     | Killed Grum
 14882 | D:10     | Reached XP level 12. HP: 102/106 MP: 23/23
 15301 | D:10     | Reached skill level 10 in Fighting
 16423 | Lair:1   | Entered Level 1 of the Lair of Beasts
 16783 | Lair:1   | Reached skill level 11 in Unarmed Combat
 16814 | Lair:1   | Found a labyrinth entrance.
 16824 | Lab      | Entered a labyrinth
 16829 | Lab      | Reached *** piety under the Shining One
 17239 | Lab      | Noticed a minotaur
 17276 | Lab      | Killed a minotaur
 17325 | Lab      | Got a bound copper ring
 17325 | Lab      | Got an ancient platinum amulet
 17325 | Lab      | Got a faintly glowing jade ring
 17326 | Lab      | Identified the ring "Raini" {rPois rF+ Slay+3} (You found it in a labyrinth)
 17327 | Lab      | Identified the ring of Baolucucw {Str+3 Stlth-} (You found it in a labyrinth)
 17329 | Lab      | Identified the amulet of Altruism {Reflect rC+ Str+2 Int-2 Dex+2 SH+4} (You found it in a labyrinth)
 18495 | Lair:2   | You fall through a shaft for 2 floors!
 18566 | Lair:4   | Reached XP level 13. HP: 116/116 MP: 20/26
 19402 | Lair:3   | Noticed Gastronok
 19418 | Lair:3   | Killed Gastronok
 20526 | Lair:3   | Reached skill level 10 in Dodging
 20631 | Lair:3   | Reached **** piety under the Shining One
 20642 | Lair:3   | Reached skill level 12 in Unarmed Combat
 20860 | Lair:3   | Found a staircase to the Swamp.
 22181 | Lair:5   | Found a frozen archway.
 22208 | IceCv    | Entered an ice cave
 22867 | IceCv    | Reached skill level 10 in Spellcasting
 23216 | IceCv    | Noticed a frost giant
 23221 | IceCv    | Gained mutation: You have acidic saliva. [Yellow Draconian growth]
 23221 | IceCv    | Reached XP level 14. HP: 126/126 MP: 23/28
 23246 | IceCv    | Killed a frost giant
 24798 | Lair:6   | Identified the Disquisition on Venom and Orientation
 24926 | Lair:6   | Reached skill level 10 in Transmutations
 24965 | Lair:6   | Noticed Josephine
 24972 | Lair:6   | Killed Josephine
 24972 | Lair:6   | Reached skill level 13 in Unarmed Combat
 25019 | Lair:6   | Found a viscous altar of Jiyva.
 25022 | Lair:6   | Found a staircase to the Slime Pits.
 25099 | Lair:6   | Found a staircase to the Snake Pit.
 26777 | D:7      | Bought a scroll labeled VIR YKUAVOLU for 20 gold pieces
 26777 | D:7      | Bought a scroll of identify for 40 gold pieces
 26777 | D:7      | Bought a scroll labeled JOUSAP XAIR for 20 gold pieces
 26815 | D:7      | Bought a potion of curing for 75 gold pieces
 26815 | D:7      | Bought a scroll of identify for 50 gold pieces
 26815 | D:7      | Bought a scroll labeled JOUSAP XAIR for 25 gold pieces
 28111 | Lair:8   | Entered Level 8 of the Lair of Beasts
 28968 | Lair:8   | Reached ***** piety under the Shining One
 29167 | Lair:8   | Reached XP level 15. HP: 64/136 MP: 26/29
 30382 | Orc:1    | Entered Level 1 of the Orcish Mines
 30386 | Orc:1    | Noticed Snorg
 30399 | D:9      | Killed Snorg
 30399 | D:9      | Reached skill level 14 in Unarmed Combat
 30583 | Orc:1    | Noticed Moloch's ghost (novice DsFi)
 30594 | Orc:1    | Killed Moloch's ghost
 31547 | Orc:1    | Noticed an orc warlord
 31577 | Orc:1    | Killed an orc warlord
 32441 | Orc:2    | Entered Level 2 of the Orcish Mines
 32448 | Orc:2    | Found a staircase to the Elven Halls.
 32806 | Orc:2    | Found Byuriez's Distillery.
 32825 | Orc:2    | Found Efoisies's General Store.
 32895 | Orc:2    | Bought a potion of heal wounds for 85 gold pieces
 32989 | Orc:2    | Reached ****** piety under the Shining One
 32997 | Orc:2    | Reached skill level 15 in Unarmed Combat
 33301 | Orc:2    | Found Buhank's Antique Armour Emporium.
 33301 | Orc:2    | Found a one-way gate leading to the halls of Pandemonium.
 33301 | Orc:2    | Found Feujaops's Book Shoppe.
 33307 | Orc:2    | Bought a pair of runed boots for 117 gold pieces
 33307 | Orc:2    | Bought a pair of runed gloves for 117 gold pieces
 33734 | Orc:2    | Reached XP level 16. HP: 73/147 MP: 28/31
 34219 | Orc:2    | Bought a scroll of teleportation for 42 gold pieces
 34221 | Orc:2    | Bought a potion of berserk rage for 85 gold pieces
 34253 | Orc:2    | Bought a book of Transfigurations for 880 gold pieces
 34260 | Orc:2    | Learned a level 6 spell: Hydra Form
 34268 | Orc:2    | Learned a level 7 spell: Dragon Form
 35557 | D:12     | Found Jaegh's Magic Scroll Shop.
 35810 | D:12     | Bought a scroll of fear for 59 gold pieces
 35810 | D:12     | Bought 3 scrolls of teleportation for 153 gold pieces
 35810 | D:12     | Bought a scroll of identify for 34 gold pieces
 36438 | D:13     | Noticed Kirke
 36450 | D:13     | Killed Kirke
 37236 | D:13     | Got a scorched ivory ring
 38121 | D:14     | Found a basalt altar of Yredelemnul.
 38144 | D:14     | Reached skill level 15 in Fighting
 38450 | D:14     | Reached skill level 16 in Unarmed Combat
 38864 | D:14     | Noticed Roxanne
 38916 | D:14     | Found a gateway to a bazaar.
 39151 | D:14     | Killed Roxanne
 39227 | D:14     | Found a gate to the Vaults.
 39279 | Bazaar   | Entered a bazaar
 39279 | Bazaar   | Found Vor Ire's Antique Armour Emporium.
 39296 | Bazaar   | Found Wiagg's Jewellery Shoppe.
 39303 | Bazaar   | Found Lyrghoyrch's Weapon Boutique.
 39309 | Bazaar   | Found Yserhar's Food Emporium.
 39314 | Bazaar   | Found Qyefojye's Distillery.
 39447 | Bazaar   | Bought a +5 ring of intelligence for 741 gold pieces
 39454 | Bazaar   | Identified the ring "Buibusash" {rCorr *Corrode MP+9 Dex+6} (You found it on level 13 of the Dungeon)
 39475 | Bazaar   | Bought 2 potions of heal wounds for 90 gold pieces
 39475 | Bazaar   | Bought a potion of heal wounds for 45 gold pieces
 39547 | D:15     | Entered Level 15 of the Dungeon
 39804 | D:15     | Noticed Sonja
 39821 | D:15     | Killed Sonja
 40265 | D:15     | Found Jutsinte's Assorted Antiques.
 40271 | D:15     | Bought a scroll of identify for 74 gold pieces
 40275 | D:15     | Noticed Urug
 40285 | D:15     | Killed Urug
 40305 | D:15     | Found a deep blue altar of Sif Muna.
 40657 | D:15     | Found a staircase to the Depths.
 41288 | D:15     | Reached XP level 17. HP: 118/156 MP: 27/33
 41918 | Snake:1  | Entered Level 1 of the Snake Pit
 42885 | Snake:1  | Found Wysif Qixeym's Book Shoppe.
 44232 | Snake:2  | Learned a level 2 spell: Blink
 44517 | Snake:2  | Reached skill level 17 in Unarmed Combat
 47345 | Snake:4  | Entered Level 4 of the Snake Pit
 47675 | Snake:4  | Reached XP level 18. HP: 166/166 MP: 34/34
 49423 | Snake:4  | Reached skill level 18 in Unarmed Combat
 49532 | Snake:4  | Gained mutation: Scrolls take you a little longer to read. [mutagenic glow]
 49562 | Snake:4  | Gained mutation: You are dopey. (Int -2) [mutagenic glow]
 50773 | Snake:4  | Got a serpentine rune of Zot
 50901 | Snake:4  | Gained mutation: You are very dopey. (Int -4) [mutagenic glow]
 50959 | Snake:4  | Gained mutation: Scrolls take you longer to read. [mutagenic glow]
 51011 | Snake:4  | Gained mutation: You are clumsy. (Dex -2) [mutagenic glow]
 51034 | Snake:4  | Gained mutation: Your magical capacity is low (-10% MP). [mutagenic glow]
 51135 | Snake:4  | Gained mutation: Scrolls take you much longer to read. [mutagenic glow]
 52193 | Lair:2   | Lost mutation: Your magical capacity is low (-10% MP). [potion of cure mutation]
 52193 | Lair:2   | Lost mutation: Scrolls take you much longer to read. [potion of cure mutation]
 52193 | Lair:2   | Lost mutation: You are clumsy. (Dex -2) [potion of cure mutation]
 52193 | Lair:2   | Lost mutation: Scrolls take you longer to read. [potion of cure mutation]
 52194 | Lair:2   | Lost mutation: You are very dopey. (Int -4) [potion of cure mutation]
 52194 | Lair:2   | Lost mutation: You are dopey. (Int -2) [potion of cure mutation]
 52194 | Lair:2   | Lost mutation: Scrolls take you a little longer to read. [potion of cure mutation]
 52359 | Swamp:1  | Entered Level 1 of the Swamp
 52370 | Swamp:1  | Reached XP level 19. HP: 174/174 MP: 29/36
 52738 | Swamp:1  | Drowned

Skill      XL: |  1  2  3  4  5  6  7  8  9 10 11 12 13 14 15 16 17 18 19 |
---------------+----------------------------------------------------------+-----
Dodging        | 2 3 4 5 6 8 9 10 11 12 13 14 | 14.1
Fighting       | 2 3 4 5 7 8 9 11 12 13 14 15 16 17 | 17.0
Unarmed Combat | 4 5 6 7 8 10 11 12 13 15 16 17 18 | 18.4
Transmutations | 3 4 6 7 8 9 10 11 12 13 | 13.5
Spellcasting   | 3 4 5 7 9 10 11 12 13 | 13.5

Action                   |  1- 3 |  4- 6 |  7- 9 | 10-12 | 13-15 | 16-18 | 19-21 || total
-------------------------+-------+-------+-------+-------+-------+-------+-------++-------
Melee: Unarmed           |   167 |   200 |   451 |   806 |  1173 |  1233 |    65 ||  4095
       Tailslap          |    13 |    17 |    13 |    80 |   166 |   167 |    11 ||   467
       Headbutt          |     4 |     5 |     3 |    20 |    16 |    11 |       ||    59
       Kick              |     9 |     5 |     6 |     2 |       |       |       ||    22
       Punch             |     2 |     2 |     8 |    20 |    73 |    91 |     4 ||   200
       Bite              |       |       |       |       |    90 |   127 |     8 ||   225
 Cast: Beastly Appendage |    24 |    10 |    11 |    26 |     8 |     9 |       ||    88
       Spider Form       |     1 |    14 |    43 |    20 |       |       |       ||    78
       Sticks to Snakes  |       |     1 |    14 |    31 |    26 |       |       ||    72
       Blade Hands       |       |       |       |    55 |   106 |   105 |     3 ||   269
       Ice Form          |       |       |       |       |    18 |     1 |       ||    19
       Dragon Form       |       |       |       |       |       |    29 |     1 ||    30
Invok: Divine Shield     |       |       |       |       |     2 |       |       ||     2
 Abil: Spit Acid         |       |       |    12 |     1 |     4 |       |       ||    17
       End Transformatio |       |       |       |     1 |     5 |     1 |       ||     7
Evoke: Wand              |       |       |     1 |     2 |     7 |       |       ||    10
  Use: Scroll            |       |       |    10 |    13 |    12 |    11 |       ||    46
       Potion            |       |       |     2 |     1 |     2 |     9 |       ||    14
 Stab: Sleeping          |     2 |       |     1 |       |       |       |       ||     3
       Distracted        |       |       |     2 |       |       |       |       ||     2
  Eat: Chunk             |     2 |     9 |    22 |    41 |    67 |    48 |     3 ||   192
       Beef jerky        |       |     1 |     1 |     3 |       |     2 |       ||     7
       Fruit             |       |       |     1 |     2 |    11 |    17 |       ||    31
       Pizza             |       |       |       |     2 |       |     2 |       ||     4
       Meat ration       |       |       |       |     2 |       |       |       ||     2
       Royal jelly       |       |       |       |     1 |     1 |       |       ||     2
       Bread ration      |       |       |       |       |       |     6 |       ||     6
Armor: Skin              |    65 |    38 |    63 |   208 |   177 |   347 |     9 ||   907
Dodge: Dodged            |   122 |   137 |   354 |   725 |   783 |   743 |    34 ||  2898
Block: Other             |       |       |       |     7 |   178 |   156 |     5 ||   346
       Reflection        |       |       |       |       |     2 |    22 |       ||    24
